woodfighter, chaotic female giant Ranger ----------- ----------- |....|%[..--- |.........| |..``|``...>| |.........| |..`......--- |.........| |....|....| |....<....| |-.--------- |.........| |..`.|.....| |.........| |%...|`....| |.........| |..........| |.........| |...`|`....----------------+| |....|........@u......^^^^^.| ----------------------------- woodfighter the Ranger Experience level: 7 Strength: 24 Dexterity: 13 Constitution: 19 Intelligence: 14 Wisdom: 15 Charisma: 7 Health: 0(71) Energy: 25(25) Def: 19 Gold: 0 Moves: 8983 Dungeon seed [set]: Game ID: woodfighter_1678192495 Your Inventory: Weapons a - an uncursed +2 sling (weapon in hand) c - 3 blessed +1 crossbow bolts j - 86 uncursed +0 crossbow bolts V - 10 blessed +0 crossbow bolts Armor f - a blessed +0 pair of high boots (being worn) q - a blessed +2 dented pot (being worn) N - an uncursed +2 mummy wrapping Y - an uncursed +1 large shield (being worn) Comestibles b - an uncursed cram ration W - 3 uncursed food rations Z - an uncursed lizard corpse Rings m - a cursed ring of aggravate monster S - a cursed -1 ring of increase accuracy Wands d - an uncursed wand of lightning (0:7) Tools w - an uncursed magic whistle y - an uncursed lock pick B - an uncursed +0 pick-axe Gems e - 27 uncursed flints (in quiver) v - 4 uncursed silver nuggets Boulders/Statues r - an uncursed boulder J - an uncursed boulder L - an uncursed boulder M - an uncursed boulder Spells and supernatural/magical abilities: Name Level Category Fail Memory W - pray for help -- divine ? -- Your skills at the end: Miscellaneous Skills shield [Skilled] wands [Basic] Weapon Skills two-handed sword [Basic] sling [Basic] Spellcasting Skills Final Attributes: You were devoutly aligned. You were poison resistant. Your writing hand was ok. You had automatic searching. You had infravision. You were somewhat stealthy. You were extremely unlucky. You are dead. Vanquished creatures: a large dog a large cat 5 wolves 2 lizards a giant spider a gnome king a dwarf mummy a werewolf a dog a dingo 2 dwarf lords a water nymph 2 dust vortices a plains centaur a gnome mummy 2 fire ants an Uruk-hai 2 rock moles 2 gnomish wizards a kobold mummy a black naga hatchling a gray ooze 6 elf zombies a puppy 3 floating eyes a kitten a dwarf a rothe 2 centipedes a jitterbug a giant bat an orc zombie a dwarf zombie 2 hobbits 2 acid blobs a large kobold 6 geckos 4 cave spiders a yellow mold 2 green molds 2 gnomes 15 manes 2 gnome zombies 2 jackals a kobold 7 newts 2 goblins 2 grid bugs 6 lichens 2 kobold zombies 110 creatures vanquished. Voluntary challenges: You did not adorn yourself with jewelry or accessories. You did not cause conflict. You were not invisible. You did not have reflection. You were not displaced. You had been an atheist until turn 6272. You did not donate to any temples.. You never hit with a wielded weapon. You did not apply a unicorn horn. You did not use plumbed fixtures. You did not drink any magical draughts. You read items or engraved 3 times, starting on turn 7432. You never genocided any monsters. You never polymorphed an object. You changed form 1 time, starting on turn 6271. You cheated in Sokoban 22 times, without finishing. You used no wishes. You did not use any artifacts. You never split a pudding. You never wrote Elbereth's name. You never violated your personal moral code. You enabled loading special bones files. Dungeon overview: The Dungeons of Doom: levels 1 to 9 Level 1 a fountain a long staircase Level 2 a fountain Level 3 a vault, a fountain stairs to The Gnomish Mines Level 4 Level 5 (vault) a vault, a fountain Level 6 a vault, some fountains Level 7 many fountains Level 8 (water + box) stairs to Sokoban Level 9 The Gnomish Mines: Level 4 stairs to The Dungeons of Doom Sokoban: levels 6 to 7 Level 6 <- You were here Level 7 an altar to Moloch, a magic chest stairs to The Dungeons of Doom History has recorded: On T:1 you entered the Dungeons of Doom to retrieve the Amulet of Yendor! On T:416 you reached level 2 of The Dungeons of Doom. On T:886 you advanced to experience level 2. On T:945 you reached level 3 of The Dungeons of Doom. On T:1303 you reached level 1 of The Gnomish Mines. On T:1730 you reached level 4 of The Dungeons of Doom. On T:2098 you advanced to experience level 3. On T:2422 you reached level 5 of The Dungeons of Doom. On T:2977 you reached level 6 of The Dungeons of Doom. On T:2994 you advanced to experience level 4. On T:3952 you advanced to experience level 5. On T:4511 you reached level 7 of The Dungeons of Doom. On T:5011 you advanced to experience level 6. On T:5545 you reached level 8 of The Dungeons of Doom. On T:6142 you advanced to experience level 7. On T:6272 you prayed to Mars. On T:6405 you reached level 9 of The Dungeons of Doom. On T:6764 you reached level 4 of Sokoban. On T:7248 you opened a magic chest. On T:8081 you reached level 3 of Sokoban. Score breakdown: Gold: 0 ( 0 points) Experience: 7 levels ( 600 points) Exploration: 9 levels ( 240 points) Discoveries: 10 items ( 500 points) Variety of kills: 50 monsters ( 2000 points) Major goal: (nothing yet) ( 0 points) Survival: died (score multiplied by 3) Total score: 10020 Latest messages: The white unicorn accepts your challenge! The white unicorn misses. (2x) The white unicorn butts! The white unicorn misses. The crossbow bolt misses the white unicorn. The white unicorn misses. The white unicorn kicks! The white unicorn misses. (4x) The white unicorn butts! The white unicorn misses. The crossbow bolt misses the white unicorn. The white unicorn misses. The white unicorn kicks! The white unicorn misses. The white unicorn kicks! The white unicorn misses. (2x) The white unicorn butts! The white unicorn misses. The crossbow bolt misses the white unicorn. The white unicorn butts! The white unicorn kicks! The white unicorn butts! You die... Final status: Goodbye woodfighter the Ranger, killed by a white unicorn... You died in Sokoban on dungeon level 6 with 10020 points, and 0 pieces of gold, after 8983 moves. You were level 7 with a maximum of 71 hit points when you died.